 Dungeon Crawl Stone Soup version 0.28-a0-1616-g050a50673c (webtiles) character file.

Game seed: 7322663241476798112

112 a3don the Magician (level 5, 0/35 HPs)
             Began as a Djinni Ice Elementalist on Jan 22, 2022.
             Slain by an orc (8 damage)
             ... on level 4 of the Dungeon.
             The game lasted 00:03:46 (3898 turns).

a3don the Magician (Djinni Ice Elementalist)        Turns: 3898, Time: 00:03:49

Health: 0/35       AC:  2    Str:  7    XL:     5   Next: 16%
Gold:   129        EV: 13    Int: 19    God:
                   SH:  0    Dex: 13

rFire   + + +      SeeInvis .   q - +0 trident (venom)
rCold   x . .      Faith    .   (no shield)
rNeg    . . .      Spirit   .   a - +0 robe
rPois   ∞          Reflect  .   (no helmet)
rElec   .          Harm     .   (no cloak)
rCorr   .          Rampage  .   (no gloves)
Will    .....                   (boots unavailable)
Stlth   ++........              (no amulet)
HPRegen 0.11/turn               f - ring of protection from fire
MPRegen 0.00/turn               (no ring)

@: flying
A: sickness immunity, fire resistance 2, cold vulnerability 1, float, innate
caster, hp casting, extra vitality 1
a: no special abilities


You were on level 4 of the Dungeon.
You visited 1 branch of the dungeon, and saw 4 of its levels.

You collected 129 gold pieces.

Inventory:

Hand Weapons
 h - a +0 rapier
 q - a +0 trident of venom (weapon)
Missiles
 k - 129 stones
Armour
 a - a +0 robe (worn)
Jewellery
 f - a ring of protection from fire (left hand)
Wands
 m - a wand of polymorph (7)
Scrolls
 b - 2 scrolls of fog {unknown}
 d - a scroll of magic mapping {unknown}
 e - 2 scrolls of identify {unknown}
 g - a scroll of summoning {unknown}
 l - a scroll of teleportation {unknown}
 n - a scroll of vulnerability {unknown}
Potions
 c - a potion of brilliance {unknown}
 i - 2 potions of magic {unknown}
 j - 2 potions of mutation {unknown}
 o - a potion of curing {unknown}
 p - a potion of degeneration {unknown}


   Skills:
 - Level 1.5 Short Blades
 + Level 0.0 Polearms
 + Level 3.3 Dodging
 + Level 2.6 Stealth
 + Level 3.7 Spellcasting


You couldn't memorise any spells.
You knew the following spells:

 Your Spells              Type           Power      Damage    Failure   Level
a - Freeze                Ice            68%        1d8       3%          1
b - Frozen Ramparts       Ice            34%        1d5       9%          3
c - Ozocubu's Armour      Ice            17%        N/A       9%          3
d - Hailstorm             Conj/Ice       17%        3d6       30%         4
e - Sandblast             Erth           34%        2d9       3%          1
f - Passwall              Tmut/Erth      14%        N/A       4%          2
Your spell library was empty.

Dungeon Overview and Level Annotations

Branches:
Dungeon (4/15)
 Temple: D:4-7

Altars:


Innate Abilities, Weirdness & Mutations

You are immune to sickness and miasma.
You are immune to poison.
Your flesh is very heat resistant. (rF++)
You are vulnerable to cold. (rC-)
You float through the air rather than walking.
You learn spells naturally, not from books.
Your magical power is your life essence.
You have superior vitality. (+4 MHP)


Message History

Done exploring.
(D) Dungeon
Where to? (Enter - D:3, ? - help)
There is a stone staircase leading down here.
You fly downwards.
The orc shouts! x2
Found 11 arrows.
There is a stone staircase leading up here.
There are monsters nearby!
There are monsters nearby!
Casting: Freeze (safe; 3% risk of failure)
Confirm with . or Enter, or press ? or * to list all spells.
Okay, then.
Found a stone staircase leading up.
The orc hits you with a +0 flail!
You closely miss the orc. The orc misses you.
You barely miss the orc. The orc barely misses you. The orc closely misses you.
The orc priest misses you.
You hit the orc priest but do no damage.
The orc priest closely misses you. The orc barely misses you.
The orc hits you with a +0 flail.
The orc priest hits you with a +0 hand axe.
The orc closely misses you.
You hit the orc priest.
The orc priest is moderately wounded.
The orc closely misses you. The orc priest closely misses you.
The orc barely misses you. The orc hits you with a +0 flail.
You hit the orc priest.
The orc priest is poisoned.
The orc priest is moderately wounded.
The orc priest hits you with a +0 hand axe!
The orc completely misses you. The orc barely misses you.
You hit the orc priest but do no damage.
The orc priest looks as sick as possible!
The orc priest is moderately wounded.
The orc priest mumbles some strange prayers to Beogh against you.
Pain shoots through your body!
* * * LOW HITPOINT WARNING * * *
The orc hits you but does no damage. The orc hits you with a +0 flail!
You die...

.........##
..........#
..........##
...........##.#
...........#..
#..........#.#
#..<.(.o...#.#
#......@o....#
##......o....#
#..........##
##.........#
#........<#
##........#
##.......#
##.....##
###...#


You could see an orc priest (extremely poisoned) and 2 orcs.

Vanquished Creatures
  A centaur zombie (D:3)
  Robin (D:2)
  2 adders (D:2)
  2 dart slugs
  3 ball pythons
  3 endoplasms
  2 giant cockroaches
  8 goblins
  4 hobgoblins
  2 jackals (D:1)
  3 kobolds
  4 quokkas
  3 bats
  5 rats
43 creatures vanquished.

Notes
Turn   | Place    | Note
-------+----------+-------------------------------------------
     0 | D:1      | a3don the Djinni Ice Elementalist began the quest for the
                  | Orb.
     0 | D:1      | Reached XP level 1. HP: 15/15 MP: 0/0
   357 | D:1      | Reached XP level 2. HP: 15/21 MP: 0/0
  1469 | D:2      | Reached XP level 3. HP: 19/25 MP: 0/0
  1469 | D:2      | Learned a level 1 spell: Sandblast
  1971 | D:2      | Reached skill level 1 in Short Blades
  2200 | D:2      | Noticed Robin
  2202 | D:2      | Reached XP level 4. HP: 26/31 MP: 0/0
  2209 | D:2      | Killed Robin
  3164 | D:3      | Reached XP level 5. HP: 15/35 MP: 0/0
  3164 | D:3      | Learned a level 2 spell: Passwall
  3898 | D:4      | Slain by an orc

Illustrated notes

Levels and vault maps discovered:
D:1:      scummos_arrival_gate, layout_rooms, minmay_misc_feat_secret_circle
D:2:      layout_loops_ring, uniq_robin
D:3:      layout_rooms
D:4:      layout_cave_pods, nicolae_qazlal_eye_of_the_storm

Skill      XL: |  1  2  3  4 |
---------------+-------------+-----
Stealth        | 2 |  2.6
Short Blades   | 1 |  1.5
Dodging        | 3 |  3.3
Spellcasting   | |  3.7

Action                   |  1- 3 |  4- 6 || total
-------------------------+-------+-------++-------
Melee: Unarmed           |     4 |       ||     4
       Rapier            |    32 |    36 ||    68
       Punch             |     1 |       ||     1
       Trident           |       |    12 ||    12
 Cast: Freeze            |    23 |     5 ||    28
       Frozen Ramparts   |     2 |     1 ||     3
 Stab: Sleeping          |     3 |     4 ||     7
Armor: Robe              |    14 |     8 ||    22
Dodge: Dodged            |    40 |    46 ||    86

Table legend: (Time is in decaauts)
 A = Elapsed time spent in this place.
 B = Non-inter-level travel time spent in this place.
 C = Inter-level travel time spent in this place.
 D = Time resting spent in this place.
 E = Time spent auto-exploring this place.
 F = Levels seen in this place.
 G = Mean time per level.
                   A        B        C        D        E       F      G
               +--------+--------+--------+--------+--------+-----+--------+
         Total |   3909 |   3860 |     49 |    921 |   2590 |   4 |  977.2 |
       Dungeon |   3909 |   3860 |     49 |    921 |   2590 |   4 |  977.2 |
               +--------+--------+--------+--------+--------+-----+--------+

Top non-repeatable levels by time:
     D:2: 1487 daAuts
     D:1: 1454 daAuts
     D:3: 956 daAuts
     D:4: 11 daAuts
